 Dungeon Crawl Stone Soup version 0.26-a0-1126-g3318b609a0 (webtiles) character file.

Game seed: 12378669496457896804

3065 Tarl the Slasher (level 9, -1/68 HPs)
             Began as a Demonspawn Gladiator on Dec 18, 2020.
             Was a Priest of Qazlal.
             Succumbed to a killer bee's poison
             ... on level 7 of the Dungeon.
             The game lasted 00:20:27 (5130 turns).

Tarl the Slasher (Demonspawn Gladiator)             Turns: 5130, Time: 00:20:28

Health: -1/68      AC: 12    Str: 23    XL:     9   Next: 57%
Magic:  12/12      EV: 14    Int: 11    God:    Qazlal [***...]
Gold:   494        SH:  3    Dex: 14    Spells: 8/8 levels left

rFire    + . .     SeeInvis .   a - +0 long sword
rCold    + . .     Faith    .   (no shield)
rNeg     . . .     Spirit   .   r - +3 ring mail
rPois    +         Reflect  .   h - +1 hat
rElec    +         Harm     .   (no cloak)
rCorr    +         Rampage  .   (no gloves)
Will     .....                  (no boots)
Stlth    +.........             l - amulet of regeneration
HPRegen  0.61/turn              m - +6 ring of strength
MPRegen  0.13/turn              (no ring)

@: mighty, lethally poisoned (-1 -> -8), resistant, attractive, flying, studying
Axes
A: horns 2, molten scales 1
a: Renounce Religion, Upheaval, Elemental Force


You were on level 7 of the Dungeon.
You worshipped Qazlal.
Qazlal was most pleased with you.
You visited 2 branches of the dungeon, and saw 8 of its levels.
You also visited: Sewer.

You collected 494 gold pieces.

Inventory:

Hand Weapons
 a - a +0 long sword (weapon)
 i - a +0 rapier
 J - the +6 trident "Dragonbane" {flame, Dex+6, unknown}
   (You found it on level 6 of the Dungeon)

   It has been specially enchanted to burn those struck by it, causing extra
   injury to most foes and up to half again as much damage against particularly
   susceptible opponents.
   It affects your dexterity (+6).
 N - a +0 long sword
Missiles
 d - 3 throwing nets
 f - 42 poisoned darts
 s - a boomerang of dispersal
 F - 6 boomerangs (quivered)
Armour
 b - a +0 leather armour
 c - a +1 helmet
 h - a +1 hat (worn)
 r - a +3 ring mail (worn)
Magical Staves
 n - an uncursed staff of death
Jewellery
 j - an uncursed ring of willpower
 l - an amulet of regeneration (around neck)
 m - a +6 ring of strength (left hand)
 p - an uncursed ring of wizardry
 t - an uncursed ring of flight {unknown}
 C - an uncursed ring of resist corrosion {unknown}
Wands
 o - a wand of flame (15)
 E - a wand of random effects (38)
Scrolls
 e - 6 scrolls of identify
 g - a scroll of blinking {unknown}
 k - 3 scrolls of enchant weapon {unknown}
 q - 5 scrolls of remove curse
 w - 2 scrolls of teleportation {unknown}
 x - a scroll of enchant armour
 y - 3 scrolls of fog {unknown}
 D - a scroll of immolation {unknown}
 G - a scroll of torment {unknown}
 L - a scroll of magic mapping {unknown}
Potions
 u - 2 potions of haste
 v - a potion of flight
 A - 2 potions of might
 B - a potion of magic
 M - a potion of brilliance
Books
 H - a manual of Axes


   Skills:
 + Level 5.6 Fighting
 + Level 7.6 Long Blades
 + Level 4.1 Throwing
 + Level 4.6 Armour
 + Level 5.5 Dodging
 - Level 1.2 Stealth
 - Level 1.0 Shields
 + Level 4.4 Invocations


You had 8 spell levels left.
You didn't know any spells.
Your spell library contained the following spells:

 Spells                   Type           Power        Failure   Level
 Animate Skeleton         Necr           0%           47%         1
 Apportation              Tloc           0%           47%         1
 Corona                   Hex            0%           47%         1
 Summon Small Mammal      Summ           0%           47%         1
 Confusing Touch          Hex            0%           85%         3
 Gell's Gravitas          Tloc           0%           85%         3
 Petrify                  Tmut/Erth      0%           99%         4
 Metabolic Englaciation   Hex/Ice        0%           100%        5
 Yara's Violent Unravell  Hex/Tmut       0%           100%        5


Dungeon Overview and Level Annotations

Branches:
Dungeon (7/15)             Temple (1/1) D:4           Sewer (visited)

Altars:
Ashenzari
Cheibriados
Dithmenos
Elyvilon
Fedhas
Gozag
Hepliaklqana
Nemelex Xobeh
Okawaru
Qazlal
Uskayaw
Vehumet
Wu Jian
Xom
Zin
The Shining One
Lugonu


Innate Abilities, Weirdness & Mutations

You have a pair of horns on your head.
You are partially covered in molten scales. (AC +2)


Message History

The killer bee closely misses you. x2; The killer bee barely misses you.
The killer bee stings you.
* * * LOW HITPOINT WARNING * * *
You are lethally poisoned!
The killer bee poisons you!
It was a potion of attraction.
You feel attractive to monsters.
* * * LOW HITPOINT WARNING * * *
You feel sick.
The killer bee stings you but does no damage.
You block the killer bee's attack. The killer bee misses you.
The killer bee stings you.
* * * LOW HITPOINT WARNING * * *
You are more poisoned.
The killer bee poisons you!
Unknown command.
You completely miss the killer bee. You headbutt the killer bee.
You kill the killer bee!
Qazlal accepts your kill.
You can now give life to nearby clouds.
You die...

###### ###....# ####
#......# ###... #.....#
#####.#### #.....##
##........#
##.†#y†####..........
#...@#...#...........
##....##..[...........
##...†##...............
#......................
#.......................
#....##.(..[............
##... ##................
#... ##...............
#$.. #...............


You could see a killer bee.

Vanquished Creatures
  Pikel (D:5)
  Prince Ribbit (D:5)
  A sky beast (D:7)
  Purgy (Sewer)
  A black bear (D:7)
  2 phantoms
  4 ice beasts
  An ogre (D:6)
  4 centaurs
  A bullfrog (D:6)
  A scorpion (D:6)
  6 killer bees (D:7)
  2 howler monkeys
  A centaur zombie (D:7)
  2 quasits
  A bullfrog zombie (D:7)
  A jelly (D:5)
  A centaur skeleton (D:7)
  3 orc priests
  3 bullfrog skeletons
  Terence (D:2)
  An iguana (D:6)
  2 orc wizards
  Ijyb (D:3)
  5 worker ants
  7 adders
  3 gnolls (D:6)
  4 white imps
  An ufetubus (D:6)
  An adder zombie (D:6)
  An adder skeleton (D:7)
  2 worms (D:3)
  3 dart slugs (D:1)
  2 leopard geckos
  20 orcs
  6 giant cockroaches
  10 hobgoblins
  6 jackals
  3 quokkas (D:2)
  5 bats (D:1)
  9 frilled lizards
  7 goblins
  9 kobolds
  2 leopard gecko skeletons (D:6)
  A quokka skeleton (D:4)
  A quokka zombie (D:6)
  10 rats
161 creatures vanquished.

Vanquished Creatures (others)
  2 centaurs (D:7)
  A worker ant (D:7)
3 creatures vanquished.

Grand Total: 164 creatures vanquished

Notes
Turn   | Place    | Note
-------+----------+-------------------------------------------
     0 | D:1      | Tarl the Demonspawn Gladiator began the quest for the Orb.
     0 | D:1      | Reached XP level 1. HP: 16/16 MP: 1/1
   344 | D:1      | Reached skill level 3 in Long Blades
   344 | D:1      | Gained mutation: You are partially covered in molten
                  | scales. (AC +2) [demonic ancestry]
   344 | D:1      | Reached XP level 2. HP: 22/22 MP: 2/2
   822 | D:1      | Reached XP level 3. HP: 27/27 MP: 3/3
  1229 | D:2      | Found a stormy altar of Qazlal.
  1238 | D:2      | Became a worshipper of Qazlal Stormbringer
  1334 | D:2      | Noticed Terence
  1358 | D:2      | Killed Terence
  1359 | D:2      | Reached XP level 4. HP: 34/34 MP: 4/4
  1402 | D:2      | Found an opulent altar of Gozag.
  1636 | D:2      | Found a blossoming altar of Fedhas.
  1685 | D:3      | Found a snail-covered altar of Cheibriados.
  1744 | D:3      | Noticed Ijyb
  1757 | D:3      | Killed Ijyb
  1758 | D:3      | Reached skill level 4 in Long Blades
  1758 | D:3      | Reached skill level 1 in Armour
  1979 | D:3      | Reached XP level 5. HP: 24/39 MP: 5/5
  2030 | D:3      | Reached * piety under Qazlal
  2208 | D:3      | Found a glowing drain.
  2220 | Sewer    | Entered a sewer
  2237 | Sewer    | Noticed Purgy
  2246 | Sewer    | Killed Purgy
  2247 | Sewer    | Reached skill level 5 in Long Blades
  2247 | Sewer    | Gained mutation: You have a pair of small horns on your
                  | head. [demonic ancestry]
  2247 | Sewer    | Reached XP level 6. HP: 41/47 MP: 6/6
  2709 | D:4      | Found an ornate altar of the Wu Jian Council.
  2737 | D:4      | Found an iron altar of Okawaru.
  2795 | D:4      | Gained mutation: You have a pair of horns on your head.
                  | [demonic ancestry]
  2795 | D:4      | Reached XP level 7. HP: 28/52 MP: 7/7
  2906 | D:4      | Found a broken altar of Ashenzari.
  3025 | D:4      | Found a staircase to the Ecumenical Temple.
  3032 | Temple   | Entered the Ecumenical Temple
  3177 | D:5      | Entered Level 5 of the Dungeon
  3178 | D:5      | Noticed Prince Ribbit
  3187 | D:5      | Found a hazy altar of Hepliaklqana.
  3205 | D:5      | HP: 1/52 [white imp/puff of frost (13)]
  3224 | D:5      | Noticed Pikel
  3225 | D:5      | Killed Prince Ribbit
  3226 | D:5      | Reached skill level 6 in Long Blades
  3245 | D:5      | Killed Pikel
  3246 | D:5      | Reached skill level 1 in Stealth
  3246 | D:5      | Reached skill level 1 in Shields
  3246 | D:5      | Reached XP level 8. HP: 60/60 MP: 8/8
  3248 | D:5      | Found a white marble altar of Elyvilon.
  3249 | D:5      | Found a glowing silver altar of Zin.
  3250 | D:5      | Found a glowing golden altar of the Shining One.
  3318 | D:5      | Reached skill level 1 in Invocations
  3378 | D:5      | Reached skill level 7 in Long Blades
  3447 | D:5      | Reached ** piety under Qazlal
  4038 | D:6      | Reached skill level 5 in Dodging
  4038 | D:6      | Reached XP level 9. HP: 55/67 MP: 11/11
  4106 | D:6      | Reached skill level 5 in Fighting
  4376 | D:6      | Got a polished trident
  4785 | D:7      | Found a shimmering altar of Xom.
  5128 | D:7      | HP: 3/68 [killer bee (5)]
  5129 | D:7      | HP: 1/68 [killer bee (2)]
  5130 | D:7      | Reached *** piety under Qazlal
  5130 | D:7      | Succumbed to a killer bee's poison

Illustrated notes

Levels and vault maps discovered:
D:1:      dpeg_arrival_refuge, layout_basic
D:2:      layout_basic, general_overflow_altar, marbit_many_paths,
          chequers_serial_rivers_micro_b, grunt_qazlal_sundering, uniq_terence
D:3:      layout_loops_cross, overflow_temple_1_default, portal_sewer_entry_d,
          uniq_ijyb
D:4:      layout_rooms, old_standard_altar, nicolae_overflow_crystal_walls,
          temple_green, okawaru_gym_becter
D:5:      layout_rooms, good_gods_temple_1, overflow_temple_1_default,
          nrook_loot_triangle, uniq_prince_ribbit1, uniq_pikel
D:6:      layout_loops_ring, dk_noncrumbling_3, minmay_manual_mares
D:7:      layout_layer_cave, lemuel_coloured_pillars_altar, xom_confusion_cloud,
          uniq_harold
Temple:   corrupted_temple

Skill      XL: |  1  2  3  4  5  6  7  8  9 |
---------------+----------------------------+-----
Throwing       | 2 3 4 |  4.1
Long Blades    | 3 4 5 6 7 |  7.6
Dodging        | 3 4 5 |  5.5
Armour         | 1 3 4 |  4.6
Fighting       | 3 4 5 |  5.6
Stealth        | 1 |  1.2
Shields        | 1 |  1.0
Invocations    | 3 4 |  4.4

Action                   |  1- 3 |  4- 6 |  7- 9 || total
-------------------------+-------+-------+-------++-------
Melee: Long sword        |   108 |   159 |   237 ||   504
       Headbutt          |       |    12 |    70 ||    82
Throw: Dart              |       |     4 |     4 ||     8
       Boomerang         |       |       |     1 ||     1
Invok: Upheaval          |       |       |     1 ||     1
  Use: Scroll            |     3 |     1 |     1 ||     5
       Potion            |     2 |     3 |     8 ||    13
 Stab: Sleeping          |     1 |       |       ||     1
Armor: Leather armour    |    39 |    15 |       ||    54
       Ring mail         |       |    42 |   107 ||   149
Dodge: Dodged            |    95 |   104 |   205 ||   404
Block: Other             |       |     8 |    23 ||    31
       Rpst.: Long sword |    23 |    36 |    56 ||   115

Table legend: (Time is in decaauts)
 A = Elapsed time spent in this place.
 B = Non-inter-level travel time spent in this place.
 C = Inter-level travel time spent in this place.
 D = Time resting spent in this place.
 E = Time spent auto-exploring this place.
 F = Levels seen in this place.
 G = Mean time per level.
                   A        B        C        D        E       F      G
               +--------+--------+--------+--------+--------+-----+--------+
         Total |   5230 |   5092 |    138 |    183 |   3455 |   9 |  581.1 |
       Dungeon |   4979 |   4841 |    138 |    183 |   3329 |   7 |  711.3 |
        Temple |     45 |     45 |      0 |      0 |     25 |   1 |   45.0 |
         Sewer |    205 |    205 |      0 |      0 |    100 |   1 |  205.0 |
               +--------+--------+--------+--------+--------+-----+--------+

Top non-repeatable levels by time:
     D:1: 891 daAuts
     D:6: 802 daAuts
     D:2: 800 daAuts
     D:3: 699 daAuts
     D:4: 636 daAuts
     D:5: 589 daAuts
     D:7: 560 daAuts
   Sewer: 205 daAuts
  Temple: 45 daAuts
